 Dungeon Crawl Stone Soup version 0.26-a0-597-gb535b0901c (webtiles) character file.

Game seed: 5003853248384123250

34667 MackTheKnife the Cruncher (level 13, -1/130 HPs)
             Began as a Palentonga Abyssal Knight on Aug 29, 2020.
             Was a High Priest of Lugonu.
             Slain by a sixfirhy (12 damage)
             ... summoned by an orc high priest
             ... on level 2 of the Orcish Mines.
             The game lasted 00:20:40 (18219 turns).

MackTheKnife the Cruncher (PaAK)                   Turns: 18219, Time: 00:20:40

Health: -1/130     AC: 13    Str: 28    XL:     13   Next: 43%
Magic:  19/19      EV: 11    Int: 12    God:    Lugonu [*****.]
Gold:   1020       SH:  0    Dex: 10    Spells: 12/12 levels left

rFire    . . .     SeeInvis +   c - +1 lajatang
rCold    . . .     Faith    .   (shield currently unavailable)
rNeg     + . .     Spirit   .   n - +2 robe {MR+}
rPois    +         Reflect  .   h - +1 helmet
rElec    .         Harm     .   z - +2 ratskin cloak {*Rats rPois rN+ Str-1 Int-1 Dex+1}
rCorr    .                      j - +0 pair of gloves
MR       +....                  (no barding)
Stlth    ++........             l - amulet of magic regeneration
HPRegen  0.31/turn              s - ring of stealth {Stlth+}
MPRegen  0.41/turn              v - +6 ring of strength

@: lightly drained
A: large, rugged brown scales 3, see invisible, deformed body, sense
surroundings 1, strong 1, roll, armoured tail
a: Rolling Charge, Depart the Abyss, Bend Space, Banish, Corrupt, Enter the
Abyss, Renounce Religion


You were on level 2 of the Orcish Mines.
You worshipped Lugonu.
Lugonu was extremely pleased with you.
You visited 3 branches of the dungeon, and saw 14 of its levels.
You visited the Abyss 1 time.
You also visited: Ossuary.

You collected 1067 gold pieces.
You spent 47 gold pieces at shops.

Inventory:

Hand Weapons
 c - a +1 lajatang (weapon)
   (You found it on level 3 of the Dungeon)
Armour
 h - a +1 helmet (worn)
   (You found it on level 3 of the Dungeon)
 j - a +0 pair of gloves (worn)
   (You found it on level 1 of the Dungeon)
 n - a +2 robe of magic resistance (worn)
   (You took it off Jessica on level 2 of the Dungeon)
 y - +1 steam dragon scales
   (You took it off Maggie on level 7 of the Dungeon)
 z - the +2 ratskin cloak (worn) {*Rats rPois rN+ Str-1 Int-1 Dex+1}
   (You found it on level 7 of the Dungeon)

   It affects your strength (-1).
   It affects your intelligence (-1).
   It affects your dexterity (+1).
   It protects you from poison.
   It protects you from negative energy.
Jewellery
 l - an amulet of magic regeneration (around neck)
   (You found it on level 2 of the Dungeon)
 s - a ring of stealth (left hand) {Stlth+}
   (You found it on level 2 of the Dungeon)
 v - a +6 ring of strength (right hand)
   (You found it on level 5 of the Dungeon)
 C - an uncursed ring of ice {rC+, rF-}
   (You took it off Fannar on level 11 of the Dungeon)
 F - an uncursed ring of fire {rF+, rC-}
   (You took it off a kobold on level 9 of the Dungeon)
 I - a +6 ring of intelligence
   (You found it on level 9 of the Dungeon)
Wands
 i - a wand of disintegration (6)
   (You took it off Maurice on level 10 of the Dungeon)
 x - a wand of paralysis (8)
   (You found it on level 5 of the Dungeon)
 G - a wand of random effects (17)
   (You took it off a big kobold on level 9 of the Dungeon)
Scrolls
 e - 3 scrolls of blinking {!r}
 g - 3 scrolls of remove curse
 k - a scroll of amnesia
 o - 2 scrolls of fog
 t - 6 scrolls of teleportation
 B - 5 scrolls of identify
 H - 3 scrolls of fear
Potions
 a - a potion of resistance
 b - a potion of magic
 d - 3 potions of haste
 f - 2 potions of flight
 m - 2 potions of ambrosia
 p - 2 potions of might
 q - a potion of lignification {!q}
 r - 2 potions of brilliance
 u - a potion of invisibility
 w - 3 potions of stabbing
 A - 2 potions of heal wounds
 D - a potion of curing
Miscellaneous
 E - a box of beasts (2/3)
   (You found it on level 9 of the Dungeon)


   Skills:
 + Level 13.2(13.1) Fighting
   Level 4.6(4.5) Axes
 - Level 14.0(13.9) Staves
 - Level 6.0(5.9) Armour
 - Level 4.3(4.2) Dodging
 + Level 9.2(9.1) Invocations


You had 12 spell levels left.
You didn't know any spells.
Your spell library contained the following spells:

 Spells                   Type           Power        Failure   Level
 Animate Skeleton         Necr           #.....       32%         1
 Apportation              Tloc           #.....       32%         1
 Corona                   Hex            #......      32%         1
 Summon Small Mammal      Summ           #...         32%         1


Dungeon Overview and Level Annotations

Branches:
Dungeon (11/15)            Temple (0/1) D:7            Lair (1/6) D:10
    Orc (2/2) D:11        Ossuary (visited)
    Elf: Orc:2

Altars:
Dithmenos
Elyvilon
Fedhas
Hepliaklqana
Kikubaaqudgha
Nemelex Xobeh
Okawaru
Ru
Sif Muna
Trog
Uskayaw
Yredelemnul
Zin

Shops:
D:5 [!((*   Orc:1 }   Orc:2 =

Annotations:
D:4 1 runed translucent door, Yorgos's ghost, weakling SpDe
D:9 exclusion: door
Lair:1 Gastronok


Innate Abilities, Weirdness & Mutations

You are completely covered in rugged brown scales. (AC +3, +7% HP)
You have supernaturally acute eyesight. (SInv)
Armour fits poorly on your strangely shaped body.
You can roll at foes to attack.
You have a long armoured tail.
You passively map a small area around you.
Your muscles are strong. (Str +2)


Message History

You hit the orc sorcerer.
Your tail-slap misses the orc sorcerer.
The orc warrior completely misses you.
The orc sorcerer gestures wildly while chanting.
You miss the orc sorcerer.
You hit the orc sorcerer but do no damage.
The orc sorcerer closely misses you. The orc warrior closely misses you.
An orc knight comes into view. It is wielding a +0 great sword.
You miss the orc sorcerer. The orc sorcerer barely misses you.
You barely miss the orc sorcerer. You slice the orc sorcerer!!
You kill the orc sorcerer!
Lugonu accepts your kill.
The smoke demon disappears in a puff of smoke!
You hear a shout! x5
An orc knight and an orc sorcerer come into view.
The orc sorcerer is wielding a +0 dagger and wearing a +2 robe of fire resistance.
The orc knight hits you with a +0 great sword!
Things that are here:
a +0 dagger; a +0 robe You take 12 damage, and have 115/130 hp.
The orc knight roars a battlecry!
The orc sorcerer goes into a battle-frenzy!
You hear a shout! x2
You hear a shout!
Items here: ) [ ††.
The orc knight roars a battlecry!
The orc knight goes into a battle-frenzy!
The orc knight suddenly jeers, as Orcs often do.
An orc high priest comes into view. It is wielding a +0 halberd.
The orc high priest mumbles some strange prayers to Beogh.
An orc high priest comes into view.
It is wielding a +0 halberd and wearing a +0 scale mail of poison resistance.
An orc warrior comes into view.
It is wielding a +0 trident and quivering 4 boomerangs of dispersal.
You hear a shout! x2
The orc warrior shouts!
You hear a shout!
The orc warrior throws a boomerang of dispersal.
The boomerang of dispersal hits you.
You blink.
You take 2 damage, and have 116/130 hp.
The orc knight no longer looks unusually strong.
The orc knight roars a battlecry!
The orc knight goes into a battle-frenzy!
The orc sorcerer no longer looks unusually strong.
You see here a +0 giant club.
MP restored: 19 The orc knight roars a battlecry!
The orc sorcerer goes into a battle-frenzy!
The orc knight no longer looks unusually strong.
The orc sorcerer mumbles some strange words.
The orc knight roars a battlecry!
The orc knight goes into a battle-frenzy!
You hear a shout!
Okay, then.
Okay, then.
Okay, then.
Okay, then.
Aim: an orc knight, wielding a +0 great sword and wearing a +0 chain mail (strong, chance to defeat MR: 48%)
The orc knight is blasted!!
Aim: an orc knight, wielding a +0 great sword and wearing a +0 chain mail (moderately wounded, strong, chance to defeat MR: 48%)
The orc knight resists with some effort.
Aim: an orc knight, wielding a +0 great sword and wearing a +0 chain mail (moderately wounded, strong, chance to defeat MR: 48%)
The orc knight is blasted!
The orc sorcerer casts a spell.
The orc high priest mumbles some strange prayers.
You hit the orc knight but do no damage.
The orc knight hits you with a +0 great sword!!
You take 30 damage, and have 90/130 hp.
MASSIVE DAMAGE!!
The ynoxinul gestures.
The orc high priest utters an invocation to Beogh.
The orc high priest mumbles some strange prayers to Beogh against you.
Beogh smites you!
You take 11 damage, and have 80/130 hp.
The orc knight roars a battlecry!
The orc knight roars a battlecry!
The sixfirhy hits you! The sixfirhy shocks you! The sixfirhy hits you!
The sixfirhy shocks you!
* * * LOW HITPOINT WARNING * * *
A river rat scurries out from under your cloak.
The sixfirhy hits you but does no damage.
You take 47 damage, and have 35/130 hp.
MASSIVE DAMAGE!!
The orc knight no longer looks unusually strong.
The orc knight roars a battlecry!
A bolt of fire appears from out of your range of vision.
The bolt of fire hits the red devil.
The red devil completely resists.
The bolt of fire hits your river rat!
Your river rat dies!
The sixfirhy closely misses you.
The orc knight no longer looks unusually strong.
The sixfirhy hits you.
* * * LOW HITPOINT WARNING * * *
The sixfirhy shocks you!
* * * LOW HITPOINT WARNING * * *
The sixfirhy misses you. The sixfirhy closely misses you.
You take 15 damage, and have 21/130 hp.
The sixfirhy closely misses you. The sixfirhy barely misses you.
The sixfirhy hits you!
* * * LOW HITPOINT WARNING * * *
The sixfirhy shocks you!
You die...

* #######..##...#.####
$..#.#.#...........#$#. ##*
####...........)..........
##.###.#.#..........)........#.
#...#...............)..........
#.......................<......
#.....##.##....................
*#...).#.####..................
##....)<..#.#3@................
#..................#........<..
##...#....#.o.......#..........
##.........###################
##.....#..# ##.....#...# *## ,
#....###...# #∩. ,* ,
##..####..4.# #.. # ,
#...#.#.....# *..##. ,


You could see an orc knight and a sixfirhy (summoned).

Vanquished Creatures
  Josephine (D:10)
  Fannar (D:11)
  Erica (D:10)
  A two-headed ogre (D:9)
  A tengu warrior (D:9)
  Urug (D:10)
  An unseen horror (D:7)
  Pikel (D:7)
  An oklob plant (D:10)
  A deep elf mage (D:11)
  3 orc sorcerers
  2 ugly things (D:11)
  A cyclops (D:11)
  Maurice (D:10)
  Joseph (D:10)
  Maggie (D:7)
  3 kobold demonologists
  A tengu conjurer (D:9)
  2 trolls
  A hornet (D:9)
  3 hippogriffs
  Sigmund (D:3)
  A spriggan (D:8)
  2 wyverns
  4 wraiths
  A basilisk (D:11)
  6 yaks
  2 steam dragons (D:8)
  Menkaure (D:4)
  Duvessa (D:4)
  5 ice beasts
  5 sky beasts
  A black bear (D:6)
  7 orc warriors
  A hornet zombie (D:6)
  2 eyes of draining
  A necrophage (D:9)
  8 ogres
  3 phantoms
  6 centaurs
  An elf zombie (Ossuary)
  2 big kobolds
  4 bullfrogs
  Dowan (D:4)
  4 scorpions
  13 wights
  5 killer bees (D:10)
  5 howler monkeys
  2 quasits (D:10)
  2 centaur skeletons
  6 hounds
  3 jellies
  A bullfrog skeleton (D:10)
  A centaur zombie (D:10)
  10 orc priests
  4 human zombies (Ossuary)
  5 iguanas
  Jessica (D:2)
  Terence (D:2)
  16 orc wizards
  8 worker ants
  3 hell rats (D:7)
  A killer bee zombie (D:6)
  A hound zombie (D:7)
  A hound skeleton (D:4)
  2 mummies (Ossuary)
  A worker ant zombie (D:5)
  8 gnolls
  13 adders
  4 river rats (D:7)
  A shadow imp (D:6)
  2 white imps
  3 ufetubi
  2 oozes (D:5)
  3 adder zombies (Ossuary)
  2 worms
  2 dart slugs (D:1)
  3 leopard geckos
  58 orcs
  3 ball pythons
  5 giant cockroaches
  8 goblins
  8 hobgoblins
  9 jackals
  16 kobolds
  2 quokkas
  6 bats
  8 frilled lizards
  13 hobgoblin zombies (Ossuary)
  2 jackal skeletons
  A jackal zombie (Ossuary)
  8 kobold zombies (Ossuary)
  2 leopard gecko skeletons
  A leopard gecko zombie (D:9)
  6 orc zombies (Ossuary)
  22 rats
412 creatures vanquished.

Vanquished Creatures (collateral kills)
  A cyclops (D:10)
  2 yaks (D:10)
  An orc warrior (Orc:1)
  An orc wizard (D:10)
  An orc (D:10)
6 creatures vanquished.

Vanquished Creatures (others)
  14 plants
14 creatures vanquished.

Grand Total: 432 creatures vanquished

Notes
Turn   | Place    | Note
-------+----------+-------------------------------------------
     0 | Abyss:1  | MackTheKnife the Palentonga Abyssal Knight began the quest
                  | for the Orb.
     0 | Abyss:1  | Reached XP level 1. HP: 20/20 MP: 2/2
    66 | Abyss:1  | Found a corrupted altar of Lugonu.
    74 | Abyss:1  | Noticed a sixfirhy
    77 | D:1      | Escaped the Abyss
   222 | D:1      | Reached skill level 1 in Dodging
   228 | D:1      | Reached XP level 2. HP: 18/27 MP: 3/3
   524 | D:1      | Reached * piety under Lugonu
  1263 | D:2      | Reached XP level 3. HP: 27/33 MP: 4/4
  1266 | D:2      | Noticed Jessica
  1267 | D:2      | Reached skill level 3 in Axes
  1277 | D:2      | Killed Jessica
  1423 | D:2      | Found a sparkling altar of Nemelex Xobeh.
  1501 | D:2      | Reached XP level 4. HP: 33/40 MP: 5/5
  1778 | D:2      | Reached skill level 4 in Axes
  1904 | D:2      | Noticed Terence
  1916 | D:2      | Killed Terence
  2296 | D:3      | Reached ** piety under Lugonu
  2479 | D:3      | Found an iron altar of Okawaru.
  2503 | D:3      | Reached skill level 1 in Staves
  2569 | D:3      | Reached XP level 5. HP: 44/48 MP: 6/6
  2775 | D:3      | Noticed Sigmund
  2930 | D:3      | HP: 11/48 [gnoll/cursed +0 spear (8)]
  2942 | D:2      | HP: 11/48 [gnoll/+0 flail (2)]
  3200 | D:2      | Reached skill level 2 in Staves
  3544 | D:3      | Gained mutation: Your muscles are strong. (Str +2) [potion
                  | of mutation]
  3544 | D:3      | Gained mutation: You passively map a small area around you.
                  | [potion of mutation]
  3567 | D:3      | Reached skill level 3 in Staves
  3689 | D:3      | Found a sacrificial altar of Ru.
  3832 | D:3      | Killed Sigmund
  3832 | D:3      | Reached skill level 4 in Staves
  3832 | D:3      | Reached XP level 6. HP: 41/54 MP: 7/7
  4580 | D:4      | Reached skill level 5 in Staves
  4585 | D:4      | Found a hide-covered altar of Uskayaw.
  4599 | D:4      | Found a runed translucent door.
  4599 | D:4      | Noticed Yorgos's ghost (weakling SpDe)
  4813 | D:4      | Noticed Menkaure
  4821 | D:4      | Killed Menkaure
  4821 | D:4      | Reached skill level 6 in Staves
  4821 | D:4      | Reached XP level 7. HP: 39/60 MP: 8/8
  4990 | D:4      | Found a shadowy altar of Dithmenos.
  5033 | D:4      | Found a basalt altar of Yredelemnul.
  5063 | D:4      | Reached *** piety under Lugonu
  5360 | D:5      | Entered Level 5 of the Dungeon
  5360 | D:5      | Noticed Dowan
  5361 | D:5      | Found Yrokk's Antique Weapon Shop.
  5361 | D:5      | Noticed Duvessa
  5374 | D:4      | Killed Duvessa
  5374 | D:4      | Reached skill level 7 in Staves
  5377 | D:4      | HP: 11/60 [Dowan/shard of ice (13)]
  5378 | D:4      | Killed Dowan
  5645 | D:5      | HP: 11/60 [centaur/arrow (6)]
  5896 | D:5      | Reached skill level 8 in Staves
  5896 | D:5      | Reached XP level 8. HP: 50/67 MP: 9/9
  6229 | D:5      | HP: 15/67 [orc wizard/magic dart (2)]
  6235 | D:5      | HP: 16/67 [orc wizard/+1 dagger of flaming (1)]
  6237 | D:5      | Reached skill level 9 in Staves
  6239 | D:5      | Found a hazy altar of Hepliaklqana.
  6730 | D:5      | Found Voesil's Weapon Boutique.
  6751 | D:5      | Found Vileakol's Antique Armour Emporium.
  6851 | D:5      | Found a white marble altar of Elyvilon.
  6943 | D:5      | Found Zeegaf's Distillery.
  7008 | D:5      | Found Zumuzak's Assorted Antiques.
  7015 | D:5      | Bought a scroll labeled KELUQOTUFE for 25 gold pieces
  7015 | D:5      | Bought a glowing golden potion for 22 gold pieces
  7856 | D:6      | Reached skill level 4 in Fighting
  8020 | D:6      | Reached skill level 10 in Staves
  8081 | D:6      | Reached XP level 9. HP: 77/77 MP: 10/10
  8286 | D:6      | Reached skill level 5 in Fighting
  8570 | D:6      | Found an ancient bone altar of Kikubaaqudgha.
  8893 | D:7      | Found a sand-covered staircase.
  8905 | Ossuary  | Entered an ossuary
  8938 | Ossuary  | Reached **** piety under Lugonu
  9055 | Ossuary  | Reached skill level 6 in Fighting
  9400 | D:7      | Noticed Maggie
  9411 | D:7      | Killed Maggie
  9411 | D:7      | Reached skill level 11 in Staves
  9508 | D:7      | Noticed an unseen horror
  9525 | D:7      | Killed an unseen horror
  9525 | D:7      | Reached skill level 7 in Fighting
  9573 | D:7      | Found a staircase to the Ecumenical Temple.
  9741 | D:7      | Reached XP level 10. HP: 92/92 MP: 11/11
  9844 | D:7      | Reached skill level 10 in Fighting
  9844 | D:7      | Reached skill level 13 in Staves
  9844 | D:7      | Reached XP level 11. HP: 108/108 MP: 12/12
  9845 | D:7      | Reached skill level 13 in Fighting
  9845 | D:7      | Reached XP level 12. HP: 123/123 MP: 13/13
  9858 | D:7      | Noticed Pikel
  9876 | D:7      | Killed Pikel
  9912 | D:7      | Found the +2 ratskin cloak {*Rats rPois rN+ Str-1 Int-1
                  | Dex+1}
 10256 | D:8      | Found a blossoming altar of Fedhas.
 10465 | D:8      | Found a bloodstained altar of Trog.
 10596 | D:8      | Reached ***** piety under Lugonu
 11216 | D:9      | Got a dazzling rapier
 11220 | D:9      | Identified the +8 rapier of Cuacywn {vamp, +Rage Str+4
                  | Stlth+} (You found it on level 9 of the Dungeon)
 11238 | D:9      | Noticed a tengu warrior
 11247 | D:9      | Killed a tengu warrior
 11369 | D:9      | Reached skill level 14 in Staves
 11731 | D:9      | Reached skill level 3 in Invocations
 11791 | D:9      | Found a glowing silver altar of Zin.
 11808 | D:9      | Noticed a two-headed ogre
 11811 | D:9      | Killed a two-headed ogre
 11811 | D:9      | Reached skill level 4 in Invocations
 12014 | D:9      | Found an ancient bone altar of Kikubaaqudgha.
 12022 | D:9      | Found a shimmering blue altar of Sif Muna.
 12187 | D:9      | Reached skill level 5 in Invocations
 12226 | D:10     | Entered Level 10 of the Dungeon
 12226 | D:10     | Noticed Maurice
 12227 | D:10     | Noticed Urug
 12439 | D:10     | Killed Urug
 12449 | D:10     | Killed Maurice
 12449 | D:10     | Reached skill level 6 in Invocations
 12949 | D:10     | Found a staircase to the Lair.
 13102 | D:10     | Reached skill level 7 in Invocations
 13193 | D:10     | Noticed Erica
 13199 | D:10     | Killed Erica
 13416 | D:10     | Reached skill level 8 in Invocations
 13691 | D:10     | Noticed Joseph
 13861 | D:10     | Killed Joseph
 14219 | D:10     | Reached skill level 9 in Invocations
 14342 | D:10     | Reached skill level 2 in Armour
 14427 | D:10     | Noticed Josephine
 14436 | D:10     | Killed Josephine
 14436 | D:10     | Reached skill level 2 in Dodging
 14757 | Lair:1   | Entered Level 1 of the Lair of Beasts
 14757 | Lair:1   | Noticed Gastronok
 14757 | Lair:1   | Noticed a seven-headed hydra
 14781 | D:11     | Noticed a six-headed hydra
 14787 | D:11     | Banished a six-headed hydra
 14787 | D:11     | Reached skill level 3 in Armour
 14808 | D:11     | Reached XP level 13. HP: 106/130 MP: 19/19
 15059 | D:10     | Reached skill level 3 in Dodging
 15238 | D:11     | Found a staircase to the Orcish Mines.
 15259 | D:11     | HP: 21/130 [cyclops/large rock (27)]
 15627 | D:11     | Reached skill level 4 in Armour
 15976 | D:11     | Reached skill level 4 in Dodging
 16037 | D:11     | Reached ****** piety under Lugonu
 16134 | D:11     | Found a hazy altar of Hepliaklqana.
 16705 | Orc:1    | Entered Level 1 of the Orcish Mines
 16734 | Orc:1    | Found Gaetorozi's Gadget Shop.
 16794 | Orc:1    | Noticed Fannar
 17140 | D:11     | Killed Fannar
 17140 | D:11     | Reached skill level 5 in Armour
 17694 | Orc:2    | Entered Level 2 of the Orcish Mines
 18155 | Orc:2    | Reached skill level 6 in Armour
 18162 | Orc:2    | Found Rethryx's Jewellery Shoppe.
 18215 | Orc:2    | HP: 31/130 [sixfirhy[an orc high priest] (6)]
 18219 | Orc:2    | HP: 11/130 [sixfirhy[an orc high priest] (11)]
 18219 | Orc:2    | Slain by a sixfirhy

Illustrated notes

Levels and vault maps discovered:
D:1:      dpeg_arrival_erosion, layout_basic, serial_curves, eino_curves_02,
          eino_curves_02
D:2:      layout_loops_cross, marbit_many_paths, uniq_jessica, uniq_terence
D:3:      layout_basic, nicolae_ru_great_annihilating_truth, old_standard_altar,
          uniq_sigmund
D:4:      layout_loops_cross, lemuel_crystal_altar, yredelemnul_altar_generic,
          lemuel_round_altar, gammafunk_ghost_grave, uniq_menkaure
D:5:      layout_rooms, elyvilon_altar_1, lemuel_doored_altar, serial_shops,
          shop, kennysheep_mini, shop,
          nicolae_shop_temple_entry_statues_fountains,
          nicolae_shop_competitors_out_of_business, patterned_corridor,
          uniq_duvessa
D:6:      layout_loops_corners, basic_altar
D:7:      wander_guarded_unrand_ratskin, layout_basic,
          minmay_temple_entry_mini_moons, nicolae_ossuary_entry_ruins,
          uniq_pikel, uniq_maggie
D:8:      cheibrodos_steamvent, layout_basic, bloody_trog, basic_altar,
          the_bakery
D:9:      layout_gridville, led_sif_book, nicolae_overflow_crystal_walls,
          kennysheep_mini_moat, serial_bayou_pond_d, minivault_25_ag,
          minmay_bent
D:10:     layout_cave_pods, dpeg_oklobed_lair, uniq_erica, uniq_josephine,
          uniq_joseph, uniq_urug, uniq_maurice
D:11:     layout_roguey, orc_0_dummy, basic_altar
Lair:1:   layout_roguey, eino_small_chamber_without_monster,
          minmay_lair_oklob_chamber, lemuel_fruit_tree, uniq_gastronok
Orc:1:    layout_caves, serial_shops, nicolae_shop_waterfront, uniq_fannar
Orc:2:    st_orc_elflike, layout_caves, abandoned_shop

Skill      XL: |  1  2  3  4  5  6  7  8  9 10 11 12 13 |
---------------+----------------------------------------+-----
Dodging        | 1 2 4 |  4.3
Axes           | 3 4 |  4.6
Staves         | 1 4 6 8 10 11 13 14 | 14.0
Fighting       | 4 7 10 13 | 13.2
Invocations    | 9 |  9.2
Armour         | 3 6 |  6.0

Action                   |  1- 3 |  4- 6 |  7- 9 | 10-12 | 13-15 || total
-------------------------+-------+-------+-------+-------+-------++-------
Melee: Hand axe          |    93 |    47 |       |       |       ||   140
       Tailslap          |     4 |    12 |    49 |    77 |    30 ||   172
       Lajatang          |       |   148 |   335 |   360 |   248 ||  1091
Invok: Depart the Abyss  |     1 |       |       |       |       ||     1
       Banish            |       |       |       |     2 |     7 ||     9
 Abil: Rolling Charge    |     1 |       |       |     1 |       ||     2
Evoke: Box of beasts     |       |       |       |     1 |       ||     1
       Wand              |       |       |       |       |     3 ||     3
  Use: Scroll            |     1 |     5 |    16 |     5 |       ||    27
       Potion            |       |     2 |       |     2 |       ||     4
 Stab: Sleeping          |       |     6 |     5 |     4 |     2 ||    17
       Paralysed         |       |     1 |       |       |       ||     1
       Distracted        |       |       |       |     1 |     2 ||     3
Armor: Leather armour    |    16 |       |       |       |       ||    16
       Ring mail         |    29 |       |       |       |       ||    29
       Robe              |    13 |    90 |   142 |   119 |    72 ||   436
Dodge: Dodged            |    49 |    90 |   139 |   133 |   109 ||   520

Table legend: (Time is in decaauts)
 A = Elapsed time spent in this place.
 B = Non-inter-level travel time spent in this place.
 C = Inter-level travel time spent in this place.
 D = Time resting spent in this place.
 E = Time spent auto-exploring this place.
 F = Levels seen in this place.
 G = Mean time per level.
                   A        B        C        D        E       F      G
               +--------+--------+--------+--------+--------+-----+--------+
         Total |  18111 |  17635 |    476 |   5586 |   9234 |  16 | 1131.9 |
       Dungeon |  16700 |  16235 |    465 |   5381 |   8470 |  11 | 1518.2 |
          Lair |      1 |      1 |      0 |      0 |      0 |   1 |    1.0 |
  Orcish Mines |   1045 |   1034 |     11 |    148 |    654 |   2 |  522.5 |
         Abyss |     77 |     77 |      0 |      0 |     74 |   1 |   77.0 |
       Ossuary |    286 |    286 |      0 |     57 |     36 |   1 |  286.0 |
               +--------+--------+--------+--------+--------+-----+--------+

Top non-repeatable levels by time:
    D:10: 3330 daAuts
     D:4: 1843 daAuts
     D:6: 1649 daAuts
     D:3: 1620 daAuts
     D:2: 1513 daAuts
    D:11: 1463 daAuts
     D:1: 1287 daAuts
     D:7: 1084 daAuts
     D:9: 1053 daAuts
     D:8: 933 daAuts
     D:5: 920 daAuts
   Orc:1: 534 daAuts
   Orc:2: 511 daAuts
 Ossuary: 286 daAuts
 Abyss:1: 77 daAuts

Table legend:
 A = Kills in this place as a percentage of kills in entire the game.
 B = Kills by you in this place as a percentage of kills by you in the entire game.
 C = Kills by friends in this place as a percentage of kills by friends in the entire game.
 D = Other kills in this place as a percentage of other kills in the entire game.
 E = Experience gained in this place as a percentage of experience gained in the entire game.
 F = Experience gained in this place divided by the number of levels of this place that you have seen.
                   A       B       C       D       E      F
               +-------+-------+-------+-------+-------+----------------------
         Total | 100.0 | 100.0 | 100.0 | 100.0 | 100.0 | 2065.1
       Dungeon |  83.3 |  83.3 |  83.3 | 100.0 |  90.2 | 2708.5
  Orcish Mines |   7.6 |   7.5 |  16.7 |   0.0 |   8.8 | 1452.0
       Ossuary |   9.0 |   9.2 |   0.0 |   0.0 |   1.0 | 344.0
               +-------+-------+-------+-------+-------+----------------------
